 Dungeon Crawl Stone Soup version 0.30-a0-283-gf371ce1921 (webtiles) character file.

Game seed: 3968641329640642906

64 Bnni the Shooter (level 4, -2/35 HPs)
             Began as a Formicid Hunter on Oct 17, 2022.
             Succumbed to Sigmund's poison
             ... on level 2 of the Dungeon.
             The game lasted 00:03:09 (872 turns).

Bnni the Shooter (Formicid Hunter)                   Turns: 872, Time: 00:03:10

Health: -2/35      AC:  8    Str: 15    XL:     4   Next: 32%
Magic:  4/4        EV:  5    Int:  9    God:
Gold:   94         SH:  8    Dex: 19    Spells: 3/3 levels left

rFire   . . .      SeeInvis +    a - +0 shortbow
rCold   . . .      Faith    .    i - +0 kite shield
rNeg    . . .      Spirit   .    k - +0 chain mail
rPois   .          Reflect  .    (helmet unavailable)
rElec   .          Harm     .    (no cloak)
rCorr   .          Rampage  .    (no gloves)
Will    .....                    (no boots)
Stlth   ..........               (no amulet)
HPRegen 0.25/turn                (no ring)
MPRegen 0.09/turn                (no ring)

@: brilliant, lethally poisoned (-2 -> -12)
A: permanent stasis, dig shafts and tunnels, antennae 3, four strong arms
a: Dig, Shaft Self


You were on level 2 of the Dungeon.
You visited 1 branch of the dungeon, and saw 2 of its levels.

You collected 94 gold pieces.

Inventory:

Hand Weapons
 a - a +0 shortbow (weapon)
Armour
 i - a +0 kite shield (worn)
 k - a +0 chain mail (worn)
Scrolls
 b - a scroll of immolation
 c - 3 scrolls of magic mapping {unknown}
 d - a scroll of vulnerability {unknown}
 h - a scroll of identify {unknown}


   Skills:
 + Level 3.0 Fighting
 * Level 4.8 Ranged Weapons
 + Level 1.6 Armour
 - Level 1.7 Dodging
 - Level 1.2 Stealth
 + Level 0.7 Shields


You had 3 spell levels left.
You didn't know any spells.
Your spell library was empty.

Dungeon Overview and Level Annotations

Branches:
Dungeon (2/15)

Altars:

Annotations:
D:2 Sigmund


Innate Abilities, Weirdness & Mutations

You cannot be hasted, slowed, berserked, paralysed or teleported.
You can dig through walls and to a lower floor.
You have a pair of large antennae on your head. (SInv)
Your four strong arms can wield two-handed weapons with a shield.


Message History

You shoot an arrow. The arrow hits Sigmund.
Sigmund is moderately wounded.
You feel very sick.
Sigmund screams, "Don't try to resist!"
You block Sigmund's attack.
Fire: a) +0 shortbow
Press: ? - help, Q - select action, (/) - cycle Shift-Dir - straight line, f/p - Sigmund
Aim: Sigmund, wielding a +2 scythe of venom and wearing a +0 robe (moderately wounded, unable to see you, 61% to hit)
You shoot an arrow. The arrow hits Sigmund.
Sigmund is moderately wounded.
You feel very sick. Sigmund hits you but does no damage.
You are more poisoned.
Sigmund hits you from afar with a +2 scythe of venom.
* * * LOW HITPOINT WARNING * * *
It was a potion of curing.
You feel better.
Fire: a) +0 shortbow
Press: ? - help, Q - select action, (/) - cycle Shift-Dir - straight line, f/p - Sigmund
Aim: Sigmund, wielding a +2 scythe of venom and wearing a +0 robe (moderately wounded, unable to see you, 61% to hit)
You shoot an arrow. The arrow barely misses Sigmund.
You flicker for a moment.
Sigmund closely misses you. Sigmund casts a spell at you.
You are confused.
Non-targeted confused fire: a) +0 shortbow
Press: ? - help, Q - select action, (/) - cycle Dir - look around, f - activate You shoot an arrow.
Sigmund hits you from afar with a +2 scythe of venom.
Unknown command.
You flicker back into view.
You bump into the rock wall.
You feel less confused.
Sigmund hits you from afar with a +2 scythe of venom!
* * * LOW HITPOINT WARNING * * *
You are lethally poisoned!
* * * LOW HITPOINT WARNING * * *
You feel very sick.
* * * LOW HITPOINT WARNING * * *
You feel very sick.
You die...

######
##.@..#
#..##.#
#.###@#
#.##♣.♣#
#.##P.P#
#.##♣.♣#
####.##P.P#
#.....#♣.♣#
#.....#P.P#


There were no monsters in sight!

Vanquished Creatures
  Natasha (D:2)
  A gnoll (D:1)
  2 dart slugs (D:1)
  A ball python (D:1)
  3 bats (D:1)
  3 giant cockroaches (D:1)
  3 goblins (D:1)
  5 hobgoblins (D:1)
  A quokka (D:1)
  3 kobolds (D:1)
  A rat (D:1)
24 creatures vanquished.

Notes
Turn   | Place    | Note
-------+----------+-------------------------------------------
     0 | D:1      | Bnni the Formicid Hunter began the quest for the Orb.
     0 | D:1      | Reached XP level 1. HP: 16/16 MP: 1/1
    74 | D:1      | Reached XP level 2. HP: 22/23 MP: 2/2
   204 | D:1      | Reached skill level 1 in Armour
   204 | D:1      | Reached XP level 3. HP: 11/28 MP: 3/3
   758 | D:2      | Noticed Natasha
   766 | D:2      | Killed Natasha
   767 | D:2      | Reached XP level 4. HP: 20/35 MP: 4/4
   848 | D:2      | Noticed Sigmund
   871 | D:2      | HP: 1/35 [poisoned by Sigmund]
   872 | D:2      | Succumbed to Sigmund's poison

Illustrated notes

Levels and vault maps discovered:
D:1:      amcnicky_arrival_feature_with_door, layout_loops_ring,
          nicolae_grassy_gnolls
D:2:      layout_rooms, basic_altar, dreamdust_princess_corridor,
          hangedman_decor_opposing, hangedman_feature_mirror,
          lexackson_kobold_supper, uniq_natasha, uniq_jessica, uniq_sigmund

Skill      XL: |  1  2  3 |
---------------+----------+-----
Armour         | 1 |  1.6
Fighting       | 3 |  3.0
Ranged Weapons | |  4.8
Dodging        | |  1.7
Stealth        | |  1.2
Shields        | |  0.7

Action                   |  1- 3 |  4- 6 || total
-------------------------+-------+-------++-------
 Fire: Shortbow          |    69 |     8 ||    77
 Abil: Dig               |     3 |       ||     3
  Use: Potion            |       |     3 ||     3
Armor: Leather armour    |     1 |       ||     1
       Ring mail         |    15 |       ||    15
       Chain mail        |     3 |     2 ||     5
Dodge: Dodged            |    18 |     2 ||    20
Block: Kite shield       |     3 |     1 ||     4

Table legend: (Time is in decaauts)
 A = Elapsed time spent in this place.
 B = Non-inter-level travel time spent in this place.
 C = Inter-level travel time spent in this place.
 D = Time resting spent in this place.
 E = Time spent auto-exploring this place.
 F = Levels seen in this place.
 G = Mean time per level.
                   A        B        C        D        E       F      G
               +--------+--------+--------+--------+--------+-----+--------+
         Total |    912 |    881 |     31 |     37 |    618 |   2 |  456.0 |
       Dungeon |    912 |    881 |     31 |     37 |    618 |   2 |  456.0 |
               +--------+--------+--------+--------+--------+-----+--------+

Top non-repeatable levels by time:
     D:1: 784 daAuts
     D:2: 128 daAuts
